 Dungeon Crawl Stone Soup version 0.31-a0-851-g7ff8af7976 (webtiles) character file.

Game seed: 8463615854268049454

280 Dirtsage the Ruffian (level 6, -4/41 HPs)
             Began as an Octopode Shapeshifter on Oct 7, 2023.
             Slain by a gnoll
             ... wielding a +0 whip
             ... led by a gnoll bouda
              (9 damage)
             ... on level 2 of the Dungeon.
             The game lasted 00:03:27 (1801 turns).

Dirtsage the Ruffian (Octopode Shapeshifter)        Turns: 1801, Time: 00:03:28

Health: -4/41      AC:  1    Str: 13 (15) XL:     6   Next: 27%
Magic:  6/6        EV:  8    Int: 18      God:
Gold:   75         SH: 16    Dex: 12      Spells: 5/5 levels left

rFire   . .          .
                       - Unarmed
rCold   . . .        n - +0 tower shield
rNeg    . . .        (helmet currently unavailable)
rPois   .            d - amulet of reflection
rElec   .            l - +6 ring of intelligence
rCorr   .            (no ring)
SInv    .            (no ring)
Will    .....        (no ring)
Stlth   ++           (no ring)
HPRegen 0.26/turn    (no ring)
MPRegen 0.10/turn    (no ring)
                     (no ring)

%: reflection
@: beast-form
A: beast (slay +2), almost no armour, amphibious, 8 rings, camouflage 1,
gelatinous body 1, (nimble swimmer 1), tentacles
a: Begin Untransformation


You were on level 2 of the Dungeon.
You were a hulking beast.
You visited 1 branch of the dungeon, and saw 2 of its levels.

You collected 75 gold pieces.

Inventory:

Armour
 n - a +0 tower shield (worn)
Jewellery
 d - an amulet of reflection (around mantle)
 l - a +6 ring of intelligence (left tentacle)
Talismans
 b - a beast talisman (active)
 c - a flux talisman
Scrolls
 e - 2 scrolls of identify {unknown}
 f - 2 scrolls of teleportation {unknown}
 g - a scroll of amnesia {unknown}
 h - a scroll of blinking {unknown}
 j - a scroll of enchant weapon {unknown}
 m - 2 scrolls of noise {unknown}
Potions
 a - a potion of lignification
 k - a potion of enlightenment {unknown}
 o - a potion of mutation {unknown}
 p - a potion of attraction
 q - a potion of curing {unknown}


   Skills:
 + Level 2.8 Fighting
 - Level 2.0 Dodging
 + Level 2.1 Shields
 * Level 4.9 Unarmed Combat
 + Level 3.9 Shapeshifting


You had 5 spell levels left.
You didn't know any spells.
Your spell library was empty.

Dungeon Overview and Level Annotations

Branches:
Dungeon (2/15)

Altars:

Shops:
D:1 *


Innate Abilities, Weirdness & Mutations

You are a hulking beast.
Your limbs bulge with bestial killing power. (Slay +2)
You cannot wear most types of armour.
You are amphibious.
You can wear up to eight rings at the same time.
Your skin changes colour to match your surroundings (Stealth+).
Your rubbery body absorbs attacks. (AC +1, EV +1)
((You are camouflaged when in or above water. (Stealth+)))
You have tentacles for arms and can constrict up to eight enemies at once.


Message History

Your attacks no longer feel as feeble.
You block the gnoll's attack. x2
You swing at nothing.
Your transformation is almost over.
The gnoll hits you but does no damage.
You swing at nothing.
You block the gnoll's attack. x2
You swing at nothing.
The gnoll hits you but does no damage.
You swing at nothing.
You block the gnoll's attack.
You swing at nothing.
You block the gnoll's attack.
You swing at nothing.
You block the gnoll's attack. x2
You swing at nothing.
You feel less wooden.
You turn into a hulking beast.
You block the gnoll's attack.
You now have 18/41 hp.
You block the gnoll's attack.
Things that are here:
a +0 club; a +0 leather armour You tentacle-slap the gnoll but do no damage.
Your grab misses the gnoll. The gnoll hits you with a +0 spear!
* * * LOW HITPOINT WARNING * * *
The gnoll hits you with a +0 spear.
* * * LOW HITPOINT WARNING * * *
You take 9 damage, and have 9/41 hp.
MASSIVE DAMAGE!!
You tentacle-slap the gnoll. You grab the gnoll. You squeeze the gnoll.
The gnoll is moderately wounded.
You constrict the gnoll. The gnoll hits you with a +0 spear.
* * * LOW HITPOINT WARNING * * *
You take 5 damage, and have 4/41 hp.
You tentacle-slap the gnoll.
The gnoll is severely wounded.
You constrict the gnoll. You block the gnoll's attack.
You tentacle-slap the gnoll.
You kill the gnoll!
You closely miss the gnoll. You grab the gnoll.
You constrict the gnoll, but do no damage.
You block the gnoll's attack. The gnoll barely misses you.
You tentacle-slap the gnoll.
The gnoll is heavily wounded.
You constrict the gnoll. The gnoll hits you with a +0 whip!
You die...

....# #.#
..### #.# ...#
#.# ...# #.#
.>.# #.# ...#
#.# #### #.#
###########.##
#
......gh)....#
#
##############
# # # # # # #


You could see a gnoll.

Vanquished Creatures
  Sigmund (D:2)
  A gnoll bouda (D:2)
  2 gnolls (D:2)
  3 adders (D:2)
  A dart slug (D:2)
  3 ball pythons
  4 endoplasms
  4 giant cockroaches (D:1)
  5 goblins
  2 hobgoblins
  4 jackals (D:2)
  4 quokkas
  4 bats
  3 frilled lizards
  2 kobolds
  3 rats
46 creatures vanquished.

Notes
Turn   | Place    | Note
-------+----------+-------------------------------------------
     0 | D:1      | Dirtsage the Octopode Shapeshifter began the quest for the
                  | Orb.
     0 | D:1      | Reached XP level 1. HP: 13/13 MP: 1/1
   147 | D:1      | Reached XP level 2. HP: 18/18 MP: 2/2
   195 | D:1      | Found Vynifiuw's General Store.
   618 | D:1      | Reached XP level 3. HP: 21/23 MP: 3/3
   721 | D:1      | You fall into a shaft and drop 1 floor!
  1104 | D:2      | Reached XP level 4. HP: 29/29 MP: 4/4
  1266 | D:2      | Reached skill level 4 in Unarmed Combat
  1300 | D:2      | Noticed Sigmund
  1312 | D:2      | Killed Sigmund
  1313 | D:2      | Reached skill level 1 in Shields
  1313 | D:2      | Reached XP level 5. HP: 9/35 MP: 5/5
  1313 | D:2      | Reached XP level 6. HP: 10/41 MP: 6/6
  1801 | D:2      | Slain by a gnoll

Illustrated notes

Levels and vault maps discovered:
D:1:      tarquinn_simple_flora_water_d, layout_basic, serial_shops,
          nicolae_shop_tiny_real_fake_doors
D:2:      layout_basic, uniq_sigmund

Skill      XL: |  1  2  3  4  5  6 |
---------------+-------------------+-----
Fighting       | 2 |  2.8
Unarmed Combat | 4 |  4.9
Shields        | 1 2 |  2.1
Dodging        | |  2.0
Shapeshifting  | |  3.9

Action                     |  1- 3 |  4- 6 || total
---------------------------+-------+-------++-------
  Melee: Unarmed           |    63 |    35 ||    98
         Constrict         |    13 |     9 ||    22
         Tentacles         |    10 |     4 ||    14
         Punch             |     3 |     2 ||     5
    Use: Potion            |       |     3 ||     3
   Stab: Sleeping          |     4 |     1 ||     5
 Armour: Skin              |    18 |    25 ||    43
  Dodge: Dodged            |    19 |    13 ||    32
  Block: Other             |     3 |       ||     3
         Tower shield      |    16 |    45 ||    61
         Reflection        |       |     2 ||     2

Table legend: (Time is in decaauts)
 A = Elapsed time spent in this place.
 B = Non-inter-level travel time spent in this place.
 C = Inter-level travel time spent in this place.
 D = Time resting spent in this place.
 E = Time spent auto-exploring this place.
 F = Levels seen in this place.
 G = Mean time per level.
                   A        B        C        D        E       F      G
               +--------+--------+--------+--------+--------+-----+--------+
         Total |   1822 |   1796 |     26 |    115 |   1347 |   2 |  911.0 |
       Dungeon |   1822 |   1796 |     26 |    115 |   1347 |   2 |  911.0 |
               +--------+--------+--------+--------+--------+-----+--------+

Top non-repeatable levels by time:
     D:2: 1105 daAuts
     D:1: 717 daAuts
